 Dungeon Crawl Stone Soup version 0.31-a0-638-g26219f789d (webtiles) character file.

Game seed: 5462389144365693630

930 Conn the Magician (level 8, -1/46 (47) HPs)
             Began as an Octopode Fire Elementalist on Aug 27, 2023.
             Was a Follower of Sif Muna.
             Slain by a wight
             ... wielding a +3 mace of freezing
              (6 damage)
             ... on level 5 of the Dungeon.
             The game lasted 00:10:53 (5219 turns).

Conn the Magician (Octopode Fire Elementalist)      Turns: 5219, Time: 00:10:54

HP:   -1/46 (47)    AC:  1    Str:  7    XL:     8   Next: 11%
MP:   0/16          EV: 13    Int: 19    God:    Sif Muna [*.....]
Gold: 311           SH:  0    Dex: 13    Spells: 3/18 levels left

rFire   . . .        b - staff of conjuration
rCold   . . .        (no shield)
rNeg    . . .        (helmet restricted)
rPois   +            (no amulet)
rElec   .            q - ring of willpower
rCorr   .            r - ring of poison resistance
SInv    .            (no ring)
Will    +....        (no ring)
Stlth   +++          (no ring)
HPRegen 0.27/turn    (no ring)
MPRegen 0.15/turn    (no ring)
                     (no ring)

%: no passive effects
@: very slightly contaminated, lightly drained
A: almost no armour, amphibious, 8 rings, camouflage 1, gelatinous body 1,
(nimble swimmer 1), tentacles
a: Renounce Religion, Channel Magic


You were on level 5 of the Dungeon.
You worshipped Sif Muna.
Sif Muna was aware of your devotion.
You visited 1 branch of the dungeon, and saw 5 of its levels.

You collected 311 gold pieces.

Inventory:

Hand Weapons
 a - the +9 hand axe of the Brewing Seeker {heavy, *Slow rElec rCorr SInv}
   (You took it off a kobold on level 2 of the Dungeon)

   rElec:     It insulates you from electricity.
   SInv:      It lets you see invisible.
   rCorr:     It protects you from acid and corrosion.
   *Slow:     It may slow you when you take damage.
 g - a +1 short sword
Magical Staves
 b - a staff of conjuration (weapon)
Jewellery
 q - a ring of willpower (left tentacle)
 r - a ring of poison resistance (right tentacle)
 u - an amulet of guardian spirit
Talismans
 p - a granite talisman
Wands
 d - a wand of charming (5)
 m - a wand of polymorph (2)
Scrolls
 c - 5 scrolls of blinking
 h - 2 scrolls of revelation
 i - a scroll of immolation
 k - a scroll of enchant weapon
 n - a scroll of vulnerability
 o - a scroll of poison
 t - 2 scrolls of fog
 v - 3 scrolls of teleportation {unknown}
 y - a scroll of amnesia {unknown}
 z - a scroll of enchant armour {unknown}
Potions
 e - 5 potions of curing {unknown}
 f - 3 potions of attraction {unknown}
 j - a potion of might
 l - a potion of magic
 s - a potion of lignification {unknown}
 w - a potion of brilliance {unknown}
 x - 2 potions of haste {unknown}


   Skills:
 + Level 0.5 Fighting
 + Level 0.1 Short Blades
 + Level 0.9 Staves
 + Level 2.5 Dodging
 - Level 3.0 Stealth
 * Level 5.7 Spellcasting
 * Level 3.1 Conjurations
 + Level 1.3 Hexes
 + Level 5.3 Fire Magic
 * Level 2.1 Invocations


You had 3 spell levels left.
You knew the following spells:

 Your Spells              Type           Power      Damage    Failure   Level
a - Foxfire               Conj/Fire      100%       2x1d9     1%          1
b - Scorch                Fire           50%        2d7       1%          2
c - Inner Flame           Hex/Fire       18%        N/A       9%          3
d - Flame Wave            Conj/Fire      32%        2d9       21%         4
e - Fireball              Conj/Fire      16%        3d8       50%         5

Your spell library contained the following spells:

 Spells                   Type           Power      Damage    Failure   Level
 Kiss of Death            Conj/Necr      68%        2d10      6%          1
 Necrotise                Necr           20%        1d5       12%         1
 Sandblast                Erth           10%        2d5       12%         1
 Volatile Blastmotes      Fire/Tloc      30%        2d12      12%         3
 Passwall                 Tmut/Erth      4%         N/A       17%         2
 Stone Arrow              Conj/Erth      34%        3d9       19%         3
 Confusing Touch          Hex            10%        N/A       21%         3
 Portal Projectile        Hex/Tloc       16%        N/A       26%         3
 Call Canine Familiar     Summ           5%         N/A       34%         3
 Vampiric Draining        Necr           5%         2d6       34%         3
 Leda's Liquefaction      Hex/Erth       4%         N/A       65%         4
 Iskenderun's Battlesphe  Conj           26%        2d8       65%         5
 Dispel Undead            Necr           5%         3d7       75%         4
 Agony                    Necr           5%         N/A       97%         5
 Conjure Ball Lightning   Conj/Air       8%         3x3d6     100%        6
 Orb of Destruction       Conj           13%        9d7       100%        7


Dungeon Overview and Level Annotations

Branches:
Dungeon (5/15)
 Temple: D:4-7

Altars:
Dithmenos
Sif Muna
Wu Jian

Annotations:
D:5 3 runed translucent doors, blacky4's ghost, novice SpEn


Innate Abilities, Weirdness & Mutations

You cannot wear most types of armour.
You are amphibious.
You can wear up to eight rings at the same time.
Your skin changes colour to match your surroundings (Stealth+).
Your rubbery body absorbs attacks. (AC +1, EV +1)
((You are camouflaged when in or above water. (Stealth+)))
You have tentacles for arms and can constrict up to eight enemies at once.


Message History

The wight is moderately damaged.
Casting: Foxfire (safe; 1% risk of failure)
Confirm with . or Enter, or press ? or * to list all spells.
You feel a surge of power!
You conjure some foxfire!
The foxfire hits the wight but does no damage.
The wight is heavily damaged.
The foxfire hits the wight.
The wight is almost destroyed.
The foxfire hits the wight.
The wight is heavily damaged.
The foxfire hits the wight but does no damage.
The wight is heavily damaged.
Casting: Foxfire (safe; 1% risk of failure)
Confirm with . or Enter, or press ? or * to list all spells.
You don't know that spell.
Casting: Foxfire (safe; 1% risk of failure)
Confirm with . or Enter, or press ? or * to list all spells.
Flames lash the wight.
You destroy the wight!
Sif Muna accepts your kill.
Unknown command.
Casting: Scorch (safe; 1% risk of failure)
Confirm with . or Enter, or press ? or * to list all spells.
You feel a surge of power!
You miscast Foxfire.
You are very lightly contaminated with residual magic.
Nothing appears to happen.
The wight hits you with a +3 mace of freezing!
The wight freezes you.
You hit the wight but do no damage. Your grab misses the wight.
The wight is heavily damaged.
The wight hits you with a +3 mace of freezing.
You feel drained. The wight freezes you.
Unknown command.
Casting: Foxfire (safe; 1% risk of failure)
Confirm with . or Enter, or press ? or * to list all spells.
You feel a surge of power!
You conjure some foxfire!
The wight hits you with a +3 mace of freezing!
* * * LOW HITPOINT WARNING * * *
The wight freezes you.
You die...

#.............
#........:....
##......#......
#..............
#..............
##..<..........>
#.......).......
#.....z.......#.
#.....@......##
#....vv.....##
#..........##
#..........#
#..........##
#...........#
#..........##
#.........##
##########
##......###
##.........


You could see a wight (ally target).

Vanquished Creatures
  Menkaure (D:5)
  An ogre (D:5)
  3 scorpions
  2 wights (D:5)
  A howler monkey (D:5)
  A jelly (D:4)
  A hound (D:5)
  Ijyb (D:4)
  2 iguanas (D:4)
  An orc wizard (D:4)
  4 gnolls
  10 adders
  A shadow imp (D:5)
  An ufetubus (D:5)
  4 worms
  2 dart slugs (D:2)
  3 orcs (D:4)
  7 ball pythons
  5 endoplasms
  6 giant cockroaches
  5 goblins
  4 hobgoblins
  7 jackals
  8 kobolds
  7 quokkas
  5 bats
  2 frilled lizards (D:1)
  5 rats
100 creatures vanquished.

Vanquished Creatures (others)
  352 foxfires
352 creatures vanquished.

Grand Total: 452 creatures vanquished

Notes
Turn   | Place    | Note
-------+----------+-------------------------------------------
     0 | D:1      | Conn the Octopode Fire Elementalist began the quest for the
                  | Orb.
     0 | D:1      | Reached XP level 1. HP: 11/11 MP: 3/3
   283 | D:1      | Reached XP level 2. HP: 17/17 MP: 5/5
   289 | D:1      | Learned a level 2 spell: Scorch
  1081 | D:1      | Reached XP level 3. HP: 21/21 MP: 0/6
  1085 | D:1      | Learned a level 3 spell: Inner Flame
  1550 | D:2      | Found a shadowy altar of Dithmenos.
  1916 | D:2      | Reached XP level 4. HP: 25/27 MP: 3/8
  2028 | D:2      | Identified the +9 hand axe of the Brewing Seeker {heavy,
                  | *Slow rElec rCorr SInv}
  2774 | D:3      | Reached XP level 5. HP: 31/31 MP: 3/9
  2785 | D:3      | Found a shadowy altar of Dithmenos.
  2868 | D:3      | Learned a level 4 spell: Flame Wave
  3093 | D:3      | Found an ornate altar of the Wu Jian Council.
  3180 | D:3      | Identified the +2 dagger "Worm" {heavy, rElec Str-5 Int+6}
  3225 | D:3      | Found a shimmering blue altar of Sif Muna.
  3232 | D:3      | Became a worshipper of Sif Muna the Loreminder
  3735 | D:4      | Noticed Ijyb
  3741 | D:4      | Killed Ijyb
  3742 | D:4      | Reached skill level 1 in Hexes
  3742 | D:4      | Reached XP level 6. HP: 35/36 MP: 2/11
  4032 | D:4      | Reached skill level 1 in Invocations
  4654 | D:5      | Entered Level 5 of the Dungeon
  4696 | D:5      | Reached skill level 5 in Fire Magic
  4696 | D:5      | Reached XP level 7. HP: 28/42 MP: 4/13
  4982 | D:5      | Found a runed translucent gate.
  4982 | D:5      | Found a runed translucent gate.
  4983 | D:5      | Found a runed translucent gate.
  5048 | D:5      | Noticed Menkaure
  5053 | D:5      | Killed Menkaure
  5054 | D:5      | Reached skill level 5 in Spellcasting
  5141 | D:5      | Noticed blacky4's ghost (novice SpEn)
  5152 | D:5      | Learned a level 5 spell: Fireball
  5199 | D:5      | Reached * piety under Sif Muna
  5200 | D:5      | Reached XP level 8. HP: 47/47 MP: 6/16
  5219 | D:5      | Slain by a wight

Illustrated notes

Levels and vault maps discovered:
D:1:      dpeg_arrival_central, layout_basic, nicolae_wormholes
D:2:      layout_basic, basic_altar, minmay_misc_feat_x, minmay_misc_feat_doors,
          serial_bayou_pond_b
D:3:      layout_rooms, lemuel_round_altar, nzn_wu_jian_council_hall,
          grunt_dithmenos_smoke_and_mirrors, kennysheep_crisscross
D:4:      layout_basic, uniq_ijyb
D:5:      layout_cave_pods, gammafunk_ghost_necromancy, dk_rats_in_the_wall,
          uniq_menkaure

Skill      XL: |  1  2  3  4  5  6  7 |
---------------+----------------------+-----
Stealth        | 3 |  3.0
Fire Magic     | 4 5 |  5.3
Spellcasting   | 3 4 5 |  5.7
Hexes          | 1 |  1.3
Invocations    | 1 2 |  2.1
Conjurations   | 2 3 |  3.1
Fighting       | |  0.5
Short Blades   | |  0.1
Staves         | |  0.9
Dodging        | |  2.5

Action                     |  1- 3 |  4- 6 |  7- 9 || total
---------------------------+-------+-------+-------++-------
  Melee: Short sword       |    12 |       |       ||    12
         Constrict         |     5 |     6 |       ||    11
         Tentacles         |     2 |     7 |       ||     9
         Staff             |    16 |    31 |     1 ||    48
   Cast: Foxfire           |    73 |   111 |    21 ||   205
         Scorch            |       |    11 |     9 ||    20
         Inner Flame       |       |     2 |       ||     2
    Use: Scroll            |       |     8 |       ||     8
   Stab: Sleeping          |     2 |     2 |       ||     4
 Armour: Skin              |     5 |     2 |       ||     7
  Dodge: Dodged            |    27 |    41 |     1 ||    69

Table legend: (Time is in decaauts)
 A = Elapsed time spent in this place.
 B = Non-inter-level travel time spent in this place.
 C = Inter-level travel time spent in this place.
 D = Time resting spent in this place.
 E = Time spent auto-exploring this place.
 F = Levels seen in this place.
 G = Mean time per level.
                   A        B        C        D        E       F      G
               +--------+--------+--------+--------+--------+-----+--------+
         Total |   5222 |   5125 |     97 |    229 |   3666 |   5 | 1044.4 |
       Dungeon |   5222 |   5125 |     97 |    229 |   3666 |   5 | 1044.4 |
               +--------+--------+--------+--------+--------+-----+--------+

Top non-repeatable levels by time:
     D:2: 1547 daAuts
     D:1: 1205 daAuts
     D:4: 1027 daAuts
     D:3: 877 daAuts
     D:5: 564 daAuts
